 Dungeon Crawl Stone Soup version 0.22.0-36-g8e74550 (webtiles) character file.

441 iamserjio the Ruffian (level 6, 0/59 HPs)
             Began as a Troll Fighter on Aug 24, 2018.
             Slain by a slave (7 damage)
             ... led by Pikel
             ... on level 5 of the Dungeon.
             The game lasted 00:05:47 (932 turns).

iamserjio the Ruffian (Troll Fighter)                Turns: 932, Time: 00:05:48

Health: 0/59       AC:  5    Str: 30    XL:     6   Next: 70%
Magic:  5/5        EV:  8    Int:  6    God:
Gold:   139        SH:  9    Dex:  9    Spells: 5/5 levels left

rFire    . . .     SeeInvis .     - Unarmed
rCold    . . .     Gourm    +   b - +0 shield
rNeg     . . .     Faith    .   a - +0 robe
rPois    .         Spirit   .   (helmet restricted)
rElec    .         Reflect  .   (no cloak)
rCorr    .         Harm     .   (gloves unavailable)
MR       .....                  (boots unavailable)
Stlth    +.........             (no amulet)
HPRegen  0.59/turn              (no ring)
MPRegen  0.09/turn              (no ring)

@: mighty
A: large, unfitting armour, claws 3, fast metabolism 3, gourmand, regeneration
1, shaggy fur 1, tough skin 2
a: no special abilities


You were on level 5 of the Dungeon.
You were very hungry.

You visited 1 branch of the dungeon, and saw 5 of its levels.

You collected 139 gold pieces.

Inventory:

Missiles
 j - 3 curare-tipped needles {!f}
 o - a throwing net (quivered) {!f}
Armour
 a - a +0 robe (worn)
 b - a +0 shield (worn)
Jewellery
 p - a +4 ring of dexterity {unknown}
Scrolls
 e - 2 scrolls of identify {unknown}
 g - 2 scrolls of blinking {unknown}
 h - 2 scrolls of teleportation {unknown}
 i - a scroll of immolation {unknown}
 k - a scroll of enchant armour {unknown}
 m - 2 scrolls of noise {unknown}
 n - a scroll of remove curse {unknown}
Potions
 c - a potion of might
 f - 4 potions of curing {unknown}
 l - 2 potions of lignification {unknown}
 q - a potion of brilliance {unknown}
Comestibles
 d - 3 rations


   Skills:
 - Level 2.4 Fighting
 - Level 2.4 Dodging
 - Level 2.4 Shields
 + Level 7.3 Unarmed Combat


You had 5 spell levels left.
You didn't know any spells.
Your spell library was empty.

Dungeon Overview and Level Annotations

Branches:
Dungeon (5/15)
 Temple: D:4-7

Altars:
Fedhas
Sif Muna
Trog
Xom
Zin


Innate Abilities, Weirdness & Mutations

You are too large for most types of armour.
You have claws for hands.
Your metabolism is lightning-fast.
You like to eat raw meat.
Your natural rate of healing is unusually fast.
You are covered in fur. (AC +1)
You have very tough skin. (AC +2)


Message History

* * * LOW HITPOINT WARNING * * *
You closely miss the slave.
The slave is severely wounded.
You barely miss the slave.
The slave is severely wounded.
You block the slave's attack.
You closely miss the slave.
The slave is severely wounded.
The slave hits you.
* * * LOW HITPOINT WARNING * * *
You mangle the slave!!
You kill the slave!
That felt strangely unrewarding.
You mangle the slave!!
The slave is severely wounded.
You block the slave's attack.
You closely miss the slave.
The slave is severely wounded.
The slave hits you!
You die...

.##...#.....#####.#
.....##...## ..#.#
#.### .... #.#
#.#### #....#
####.# #.# #@#
##p## #####...###
.....[..>†.# #
.....#..(#(##.###..
............)......
#.#####............
. ..../..........
[.......#####...


You could see a slave.

Vanquished Creatures
  A slave (D:5)
  2 centaurs (D:5)
  A hound (D:5)
  A bullfrog skeleton (D:5)
  A centaur skeleton (D:5)
  An orc priest (D:3)
  2 worker ants (D:5)
  2 adders (D:2)
  3 gnolls (D:5)
  A shadow imp (D:3)
  An ooze (D:1)
  A worm (D:3)
  2 dart slugs (D:1)
  5 orcs (D:3)
  A ball python (D:5)
  4 giant cockroaches
  2 goblins (D:1)
  5 hobgoblins
  4 jackals (D:3)
  5 kobolds
  A quokka (D:2)
  6 bats
  4 frilled lizards
  4 rats
60 creatures vanquished.

Notes
Turn   | Place    | Note
-------+----------+-------------------------------------------
     0 | D:1      | iamserjio the Troll Fighter began the quest for the Orb.
     0 | D:1      | Reached XP level 1. HP: 22/22 MP: 0/0
   122 | D:1      | Reached XP level 2. HP: 28/29 MP: 1/1
   137 | D:1      | Reached skill level 3 in Unarmed Combat
   335 | D:2      | Reached XP level 3. HP: 35/36 MP: 2/2
   481 | D:2      | Reached skill level 4 in Unarmed Combat
   499 | D:2      | Found a bloodstained altar of Trog.
   527 | D:3      | Found a shimmering altar of Xom.
   535 | D:3      | Found a shimmering altar of Xom.
   536 | D:3      | Found a shimmering altar of Xom.
   536 | D:3      | Found a shimmering altar of Xom.
   537 | D:3      | Found a shimmering altar of Xom.
   537 | D:3      | Found a shimmering altar of Xom.
   538 | D:3      | Found a shimmering altar of Xom.
   590 | D:3      | Reached XP level 4. HP: 42/44 MP: 3/3
   638 | D:3      | Found a deep blue altar of Sif Muna.
   639 | D:3      | Found a glowing silver altar of Zin.
   640 | D:3      | Found a blossoming altar of Fedhas.
   679 | D:3      | Reached skill level 5 in Unarmed Combat
   741 | D:5      | Entered Level 5 of the Dungeon
   761 | D:5      | Reached XP level 5. HP: 37/50 MP: 4/4
   818 | D:5      | Reached skill level 6 in Unarmed Combat
   841 | D:5      | Noticed a centaur
   854 | D:5      | Killed a centaur
   854 | D:5      | Reached XP level 6. HP: 17/59 MP: 5/5
   900 | D:5      | Noticed a slave
   900 | D:5      | Noticed a slave
   907 | D:5      | Reached skill level 7 in Unarmed Combat
   930 | D:5      | Killed a slave
   932 | D:5      | Slain by a slave

Skill      XL: |  1  2  3  4  5  6 |
---------------+-------------------+-----
Unarmed Combat | 3 4 5 6 7 |  7.3
Fighting       | |  2.4
Dodging        | |  2.4
Shields        | |  2.4

Action                   |  1- 3 |  4- 6 || total
-------------------------+-------+-------++-------
Melee: Unarmed           |   112 |    90 ||   202
  Use: Potion            |       |     1 ||     1
  Eat: Chunk             |     2 |     3 ||     5
Armor: Robe              |    57 |    13 ||    70
Dodge: Dodged            |    43 |    24 ||    67
Block: Shield            |    45 |    31 ||    76
